 Dungeon Sprint DCSS version 0.30-a0-1163-gf69bf04e7a (webtiles) character file.

Game seed: 8298126282835596934

23400000 sircluck the Formicid Barricade (level 27, -19/213 (249) HPs)
             Began as a Formicid Fighter on Apr 28, 2023.
             Was the Champion of Makhleb.
             Killed from afar by a vile (32 damage)
             ... with damnation
             ... in the Dungeon (Sprint VIII: "Arena of Blood").
             The game lasted 00:05:24 (234 turns).

sircluck the Formicid Barricade (Formicid Fighter)   Turns: 234, Time: 00:05:25

HP:   -19/213 (249) AC: 13    Str: 23    XL:     27
MP:   54/54         EV: 31    Int: 10    God:    Makhleb [******]
Gold: 0             SH:  0    Dex: 23    Spells: 80/80 levels left

rFire   . . .        i - +∞ Axe of Woe
rCold   . . .        c - +0 buckler
rNeg    . . .        b - +0 scale mail
rPois   .            (helmet unavailable)
rElec   .            (no cloak)
rCorr   .            (no gloves)
SInv    +            (no boots)
Will    ++...        (no amulet)
Stlth   ++           (no ring)
HPRegen 0.55/turn    (no ring)
MPRegen 0.34/turn

%: no passive effects
@: confused, heavily drained
A: permanent stasis, dig shafts and tunnels, antennae 3, four strong arms
a: Dig, Renounce Religion, Minor Destruction, Lesser Servant of Makhleb, Major
Destruction, Greater Servant of Makhleb


You were in the Dungeon.
You worshipped Makhleb.
Makhleb was exalted by your worship.
You visited 1 branch

Inventory:

Hand Weapons
 a - a +0 war axe
 i - the +∞ Axe of Woe (weapon)
   (You found it in the Dungeon)
Armour
 b - a +0 scale mail (worn)
 c - a +0 buckler (worn)
Jewellery
 j - a ring of see invisible
Scrolls
 h - a scroll of blinking
Potions
 d - a potion of might
 g - 2 potions of magic


   Skills:
 O Level 27 Fighting
 O Level 27 Short Blades
 O Level 27 Long Blades
 O Level 27 Axes
 O Level 27 Maces & Flails
 O Level 27 Polearms
 O Level 27 Staves
 O Level 27 Ranged Weapons
 O Level 27 Throwing
 O Level 27 Armour
 O Level 27 Dodging
 O Level 27 Stealth
 O Level 27 Shields
 O Level 27 Unarmed Combat
 O Level 27 Spellcasting
 + Level 25.3 Conjurations
 O Level 27 Hexes
 O Level 27 Summonings
 O Level 27 Necromancy
 + Level 25.7 Translocations
 O Level 27 Transmutations
 O Level 27 Fire Magic
 O Level 27 Ice Magic
 + Level 25.1 Air Magic
 O Level 27 Earth Magic
 O Level 27 Poison Magic
 O Level 27 Invocations
 O Level 27 Evocations


You had 80 spell levels left.
You didn't know any spells.
Your spell library was empty.

Dungeon Overview and Level Annotations

Branches:
Dungeon (1/1)

Altars:
Makhleb


Innate Abilities, Weirdness & Mutations

You cannot be hasted, slowed, berserked, paralysed or teleported.
You can dig through walls and to a lower floor.
You have a pair of large antennae on your head. (SInv)
Your four strong arms can wield two-handed weapons with a shield.


Message History

An eight-headed meat hydra comes into view.
You dig through the rock wall.
You feel drained.
You hear a shout! x11
The eight-headed meat hydra moves out of view.
You hear a loud, deep croak!
You hear a chilling moan.
You hear an angry hiss.
You dig through the rock wall.
You feel drained.
You hear a shout! x9
You dig through the rock wall.
You feel drained.
An eight-headed meat hydra comes into view.
The eight-headed meat hydra roars!
You hear a shout! x4
You hear a grinding noise.
You hear a shout! x4
An observer comes into view.
The eight-headed meat hydra calls on the powers of darkness!
The eight-headed meat hydra convulses!
The observer convulses!
The fleshlord convulses!
The eight-headed meat hydra convulses!
Your body is wracked with pain!
* * * LOW HITPOINT WARNING * * *
You hear a shout! x2
The vile throws damnation at you.
The sphere of damnation explodes!
The damnation engulfs you!!
* * * LOW HITPOINT WARNING * * *
You hear a shout!
You retract your mandibles.
You hear a shout! x6
The eight-headed meat hydra calls on the powers of darkness!
The eight-headed meat hydra convulses!
The observer convulses!
The fleshlord convulses!
The eight-headed meat hydra convulses!
Your body is wracked with pain!
* * * LOW HITPOINT WARNING * * *
You hear a shout! x3
The wretched soul breathes negative energy at you.
The bolt of negative energy misses you.
You hear a shout! x2
You are confused.
The fleshlord gestures wildly while chanting.
The fleshlord seems to speed up.
You hear a shout! x3
The vile throws damnation at you.
The sphere of damnation explodes!
The damnation engulfs you!!
You die...

## #.# #.# #.#
#########.#
##.#.#G#W@##
#.#..{#....#
########.#..##9#2##
#...{.{{.{...X..##
....{{DL)....D..
....{##o##..#G##{{ {
.o..{{2{)op.......
##{.{WV##V.D........
{
.....D).)X..........


You could see a meat beast (fast), 2 eight-headed meat hydras, a destroyer, an
observer (fast, invisible), a fleshlord (fast), a large abomination (summoned),
a vile (fast), a wretched soul (invisible) and a bag of meat (poisoned).

Vanquished Creatures
  4 royal mummies (D)
  2 wraiths (D)
  10 vampire knights (D)
  31 ogres (D)
  7 two-headed ogres (D)
  3 liches (D)
  A phantom (D)
  47 orcs (D)
  4 skeletal warriors (D)
109 creatures vanquished.

Notes
Turn   | Place    | Note
-------+----------+-------------------------------------------
     0 | D        | Found the +∞ Axe of Woe
     0 | D        | sircluck the Formicid Fighter began the quest for the Orb.
     0 | D        | Reached XP level 1. HP: 18/18 MP: 1/1
     2 | D        | Noticed a bag of meat
     3 | D        | Noticed a bag of meat
     4 | D        | Became a worshipper of Makhleb the Destroyer
     4 | D        | Noticed a bag of meat
     4 | D        | Noticed a meat berserker
     6 | D        | Noticed a bag of meat
     6 | D        | Noticed a bag of meat
     7 | D        | Noticed a bag of meat
    10 | D        | Killed a meat berserker
    11 | D        | Reached XP level 2. HP: 6/49 MP: 2/2
    11 | D        | Reached XP level 3. HP: 7/55 MP: 3/3
    11 | D        | Reached XP level 4. HP: 8/63 MP: 4/4
    11 | D        | Reached XP level 5. HP: 9/69 MP: 5/5
    11 | D        | Reached XP level 6. HP: 10/76 MP: 6/6
    11 | D        | Reached XP level 7. HP: 11/83 MP: 7/7
    11 | D        | Reached XP level 8. HP: 12/90 MP: 8/8
    11 | D        | Reached XP level 9. HP: 13/96 MP: 9/9
    11 | D        | Reached XP level 10. HP: 14/104 MP: 10/10
    11 | D        | Reached XP level 11. HP: 15/110 MP: 11/11
    11 | D        | Reached XP level 12. HP: 16/117 MP: 12/12
    11 | D        | Killed a bag of meat
    11 | D        | Reached * piety under Makhleb
    11 | D        | Killed a bag of meat
    12 | D        | Reached XP level 13. HP: 18/130 MP: 13/13
    12 | D        | Killed a bag of meat
    12 | D        | Noticed a bag of meat
    13 | D        | Reached XP level 14. HP: 28/140 MP: 14/14
    13 | D        | Killed a bag of meat
    13 | D        | Reached ** piety under Makhleb
    13 | D        | Killed a bag of meat
    15 | D        | Noticed a bag of meat
    15 | D        | Noticed a bag of meat
    15 | D        | Noticed a meat berserker
    15 | D        | Noticed a bag of meat
    15 | D        | Noticed a meat berserker
    15 | D        | Noticed a meat berserker
    15 | D        | Noticed a bag of meat
    15 | D        | Noticed a bag of meat
    15 | D        | Noticed a bag of meat
    15 | D        | Noticed a bag of meat
    16 | D        | Noticed a bag of meat
    16 | D        | Noticed a bag of meat
    16 | D        | Noticed a meat berserker
    16 | D        | Noticed a bag of meat
    16 | D        | Noticed a meat berserker
    17 | D        | Noticed a bag of meat
    17 | D        | Noticed a large bag of meat
    17 | D        | Noticed a bag of meat
    17 | D        | Noticed a bag of meat
    17 | D        | Noticed a bag of meat
    17 | D        | Noticed a bag of meat
    19 | D        | Noticed a large bag of meat
    19 | D        | Killed a bag of meat
    19 | D        | Killed a bag of meat
    19 | D        | Reached *** piety under Makhleb
    19 | D        | Killed a bag of meat
    19 | D        | Killed a bag of meat
    19 | D        | Noticed a meat berserker
    19 | D        | Noticed a bag of meat
    19 | D        | Noticed a bag of meat
    20 | D        | Reached skill level 27 in Armour
    20 | D        | Reached skill level 27 in Shields
    20 | D        | Reached XP level 15. HP: 80/158 MP: 15/15
    20 | D        | Killed a meat berserker
    20 | D        | Reached **** piety under Makhleb
    20 | D        | Killed a meat berserker
    20 | D        | Killed a meat berserker
    21 | D        | Reached skill level 27 in Fighting
    21 | D        | Reached skill level 27 in Axes
    21 | D        | Reached XP level 16. HP: 154/167 MP: 16/16
    21 | D        | Reached XP level 17. HP: 160/174 MP: 17/17
    21 | D        | Reached ***** piety under Makhleb
    22 | D        | Killed a meat berserker
    23 | D        | Reached XP level 18. HP: 182/182 MP: 18/18
    23 | D        | Killed a meat berserker
    23 | D        | Noticed a destroyer
    23 | D        | Noticed a meat berserker
    24 | D        | Reached skill level 27 in Dodging
    25 | D        | Reached ****** piety under Makhleb
    25 | D        | Killed a meat berserker
    25 | D        | Killed a large bag of meat
    25 | D        | Noticed a meat berserker
    26 | D        | Reached skill level 5 in Conjurations
    26 | D        | Reached skill level 5 in Translocations
    26 | D        | Reached skill level 5 in Air Magic
    26 | D        | Reached XP level 19. HP: 171/189 MP: 18/28
    26 | D        | Killed a large bag of meat
    26 | D        | Noticed a large bag of meat
    26 | D        | Noticed a meat berserker
    27 | D        | Reached skill level 10 in Hexes
    27 | D        | Reached skill level 10 in Earth Magic
    27 | D        | Reached skill level 10 in Poison Magic
    27 | D        | Reached skill level 10 in Invocations
    27 | D        | Reached XP level 20. HP: 164/197 MP: 18/31
    27 | D        | Noticed a meat berserker
    29 | D        | Reached skill level 10 in Stealth
    29 | D        | Reached skill level 10 in Evocations
    29 | D        | Killed a meat berserker
    29 | D        | Killed a meat berserker
    29 | D        | Noticed a destroyer
    30 | D        | Reached skill level 10 in Transmutations
    30 | D        | Reached skill level 10 in Fire Magic
    30 | D        | Reached skill level 10 in Ice Magic
    30 | D        | Reached XP level 21. HP: 196/204 MP: 18/34
    30 | D        | Noticed a large bag of meat
    30 | D        | Noticed a meat berserker
    30 | D        | Noticed a meat berserker
    30 | D        | Noticed a meat berserker
    30 | D        | Noticed a meat berserker
    30 | D        | Noticed a destroyer
    30 | D        | Noticed a destroyer
    31 | D        | Noticed a large bag of meat
    31 | D        | Killed a large bag of meat
    32 | D        | Reached skill level 10 in Short Blades
    32 | D        | Reached skill level 10 in Long Blades
    32 | D        | Reached skill level 10 in Maces & Flails
    32 | D        | Reached skill level 10 in Polearms
    32 | D        | Reached skill level 10 in Staves
    32 | D        | Reached skill level 10 in Ranged Weapons
    32 | D        | Reached skill level 10 in Throwing
    32 | D        | Reached skill level 10 in Unarmed Combat
    32 | D        | Reached skill level 10 in Spellcasting
    32 | D        | Reached skill level 10 in Summonings
    32 | D        | Reached skill level 10 in Necromancy
    32 | D        | Killed a meat berserker
    32 | D        | Killed a destroyer
    32 | D        | Noticed a meat berserker
    33 | D        | Reached skill level 15 in Stealth
    33 | D        | Reached skill level 10 in Conjurations
    33 | D        | Reached skill level 15 in Hexes
    33 | D        | Reached skill level 10 in Translocations
    33 | D        | Reached skill level 15 in Earth Magic
    33 | D        | Reached skill level 15 in Invocations
    33 | D        | Reached XP level 22. HP: 145/212 MP: 19/37
    33 | D        | Killed a destroyer
    34 | D        | Killed a meat berserker
    34 | D        | Killed a meat berserker
    34 | D        | Killed a meat berserker
    35 | D        | Reached skill level 15 in Fire Magic
    35 | D        | Reached skill level 15 in Ice Magic
    35 | D        | Reached XP level 23. HP: 205/219 MP: 19/40
    36 | D        | Reached skill level 15 in Transmutations
    36 | D        | Killed a destroyer
    37 | D        | Reached XP level 24. HP: 213/227 MP: 20/41
    37 | D        | Noticed a destroyer
    38 | D        | Reached skill level 15 in Short Blades
    38 | D        | Reached skill level 15 in Long Blades
    38 | D        | Reached skill level 15 in Maces & Flails
    38 | D        | Reached skill level 15 in Polearms
    38 | D        | Reached skill level 15 in Staves
    38 | D        | Reached skill level 15 in Ranged Weapons
    38 | D        | Reached skill level 15 in Throwing
    38 | D        | Reached skill level 15 in Unarmed Combat
    38 | D        | Reached skill level 15 in Spellcasting
    38 | D        | Reached skill level 15 in Summonings
    38 | D        | Reached skill level 15 in Necromancy
    39 | D        | Killed a large bag of meat
    40 | D        | Reached skill level 15 in Air Magic
    40 | D        | Killed a destroyer
    40 | D        | Killed a large bag of meat
    40 | D        | Noticed a large bag of meat
    41 | D        | Reached skill level 15 in Conjurations
    41 | D        | Reached skill level 15 in Translocations
    41 | D        | Reached XP level 25. HP: 202/234 MP: 20/43
    42 | D        | Noticed a large bag of meat
    42 | D        | Noticed a destroyer
    44 | D        | Noticed an accursed
    48 | D        | Killed a large bag of meat
    49 | D        | Reached XP level 26. HP: 196/242 MP: 22/44
    49 | D        | Noticed an accursed
    49 | D        | Killed a large bag of meat
    49 | D        | Killed an accursed
    49 | D        | Noticed a tyrant
    50 | D        | Noticed a destroyer
    52 | D        | Noticed a tyrant
    52 | D        | Noticed a destroyer
    52 | D        | Noticed an accursed
    53 | D        | Killed a destroyer
    54 | D        | Reached XP level 27. HP: 249/249 MP: 24/46
    54 | D        | Noticed a destroyer
    56 | D        | Noticed a tyrant
    56 | D        | Noticed a destroyer
    57 | D        | Reached skill level 27 in Poison Magic
    57 | D        | Killed a destroyer
    58 | D        | Killed a destroyer
    58 | D        | Noticed a tyrant
    60 | D        | Killed a tyrant
    61 | D        | Killed a destroyer
    62 | D        | Reached skill level 27 in Hexes
    62 | D        | Reached skill level 27 in Earth Magic
    62 | D        | Reached skill level 27 in Invocations
    62 | D        | Noticed a dread
    62 | D        | Killed an accursed
    62 | D        | Killed a dread
    63 | D        | Reached skill level 27 in Stealth
    63 | D        | Noticed a dread
    63 | D        | Killed a destroyer
    65 | D        | Reached skill level 27 in Evocations
    68 | D        | Noticed an accursed
    69 | D        | Killed a destroyer
    70 | D        | Killed a tyrant
    71 | D        | Noticed a dread
    72 | D        | Reached skill level 27 in Transmutations
    72 | D        | Reached skill level 27 in Ice Magic
    78 | D        | Reached skill level 27 in Fire Magic
    78 | D        | Killed an accursed
    80 | D        | Killed a tyrant
    90 | D        | Killed a dread
    93 | D        | Killed an accursed
    94 | D        | Reached skill level 27 in Short Blades
    94 | D        | Reached skill level 27 in Spellcasting
    94 | D        | Reached skill level 27 in Summonings
    94 | D        | Reached skill level 27 in Necromancy
   183 | D        | Reached skill level 27 in Long Blades
   183 | D        | Reached skill level 27 in Maces & Flails
   183 | D        | Reached skill level 27 in Polearms
   183 | D        | Reached skill level 27 in Staves
   183 | D        | Reached skill level 27 in Ranged Weapons
   183 | D        | Reached skill level 27 in Throwing
   183 | D        | Reached skill level 27 in Unarmed Combat
   226 | D        | Noticed a tyrant
   226 | D        | Noticed a dread
   226 | D        | Noticed a fleshlord
   226 | D        | Noticed a dread
   227 | D        | Noticed a meat beast
   227 | D        | Noticed a destroyer
   227 | D        | Noticed a vile
   234 | D        | Killed from afar by a vile

Illustrated notes

Levels and vault maps discovered:
D:        meatsprint

Skill      XL: |  1  2  3  4  5  6  7  8  9 10 11 12 13 14 15 16 17 18 19 20 21 22 23 24 25 26 27 |
---------------+----------------------------------------------------------------------------------+-----
Fighting       | 18 21 22 26 27 | 27.0
Axes           | 9 11 17 27 | 27.0
Armour         | 18 21 22 27 | 27.0
Shields        | 20 23 24 27 | 27.0
Dodging        | 9 22 27 | 27.0
Short Blades   | 6 7 9 11 13 14 16 17 19 27 | 27.0
Long Blades    | 6 7 9 11 13 14 16 17 19 27 | 27.0
Maces & Flails | 6 7 9 11 13 14 16 17 19 27 | 27.0
Polearms       | 6 7 9 11 13 14 16 17 19 27 | 27.0
Staves         | 6 7 9 11 13 14 16 17 19 27 | 27.0
Ranged Weapons | 6 7 9 11 13 14 16 17 19 27 | 27.0
Throwing       | 6 7 9 11 13 14 16 17 19 27 | 27.0
Stealth        | 8 9 12 15 17 19 21 22 24 27 | 27.0
Unarmed Combat | 6 7 9 11 13 14 16 17 19 27 | 27.0
Spellcasting   | 6 7 9 11 13 14 16 17 19 27 | 27.0
Conjurations   | 5 6 8 10 12 13 15 16 17 25 | 25.3
Hexes          | 8 10 12 15 17 19 21 23 24 27 | 27.0
Summonings     | 6 7 9 11 13 14 16 17 19 27 | 27.0
Necromancy     | 6 7 9 11 13 14 16 17 19 27 | 27.0
Translocations | 5 6 8 10 12 13 15 16 17 25 | 25.7
Transmutations | 6 8 10 12 14 16 18 19 20 27 | 27.0
Fire Magic     | 6 8 10 13 15 16 18 19 21 27 | 27.0
Ice Magic      | 6 8 10 13 15 16 18 19 21 27 | 27.0
Air Magic      | 5 7 9 11 12 14 15 16 18 25 | 25.1
Earth Magic    | 8 10 12 15 17 19 21 23 24 27 | 27.0
Poison Magic   | 9 10 13 16 19 21 23 24 26 27 | 27.0
Invocations    | 8 10 12 15 17 19 21 23 24 27 | 27.0
Evocations     | 7 9 11 14 16 18 20 21 23 27 | 27.0

Action                     |  1- 3 |  4- 6 |  7- 9 | 10-12 | 13-15 | 16-18 | 19-21 | 22-24 | 25-27 || total
---------------------------+-------+-------+-------+-------+-------+-------+-------+-------+-------++-------
  Melee: Executioner's axe |     1 |       |       |     1 |     4 |     5 |     5 |     8 |    32 ||    56
 Invoke: Greater Servant o |       |       |       |       |       |       |       |       |     1 ||     1
Ability: Dig               |       |       |       |       |       |       |       |       |     3 ||     3
    Use: Potion            |       |       |       |       |       |       |       |       |     2 ||     2
   Stab: Distracted        |       |       |       |       |       |       |       |       |     1 ||     1
  Dodge: Dodged            |       |       |       |       |       |       |       |       |     4 ||     4
  Block: Buckler           |       |       |       |       |       |       |     1 |       |     2 ||     3

Table legend: (Time is in decaauts)
 A = Elapsed time spent in this place.
 B = Non-inter-level travel time spent in this place.
 C = Inter-level travel time spent in this place.
 D = Time resting spent in this place.
 E = Time spent auto-exploring this place.
 F = Levels seen in this place.
 G = Mean time per level.
                   A        B        C        D        E       F      G
               +--------+--------+--------+--------+--------+-----+--------+
         Total |    220 |    220 |      0 |    129 |      0 |   1 |  220.0 |
       Dungeon |    220 |    220 |      0 |    129 |      0 |   1 |  220.0 |
               +--------+--------+--------+--------+--------+-----+--------+

Top non-repeatable levels by time:
       D: 220 daAuts
